 Dungeon Crawl Stone Soup version 0.21.1-1-g345015f (webtiles) character file.

40 Dharzhak the Digger (level 3, -4/19 HPs)
             Began as a Gargoyle Earth Elementalist on Apr 24, 2018.
             Slain by a gnoll
             ... wielding a +0 spear
              (5 damage)
             ... on level 2 of the Dungeon.
             The game lasted 00:04:01 (1241 turns).

Dharzhak the Digger (Gargoyle Earth Elementalist)   Turns: 1241, Time: 00:04:02

Health: -4/19      AC:  6    Str: 11    XL:     3   Next: 50%
Magic:  0/6        EV: 11    Int: 16    God:
Gold:   71         SH:  0    Dex: 10    Spells: 3/6 levels left

rFire    . . .     SeeInvis .   a - +1 dagger (venom)
rCold    . . .     Gourm    .   (no shield)
rNeg     + . .     Faith    .   h - +0 leather armour
rPois    ∞         Spirit   .   (no helmet)
rElec    +         Reflect  .   (no cloak)
rCorr    .         Harm     .   (no gloves)
MR       .....                  (no boots)
Stlth    ++........             (no amulet)
HPRegen  0.06/turn              (no ring)
MPRegen  0.10/turn              (no ring)

@: no status effects
A: negative energy resistance 1, electricity resistance, unbreathing,
petrification resistance, rot immunity, AC +3
a: no special abilities


You were on level 2 of the Dungeon.
You were not hungry.

You visited 1 branch of the dungeon, and saw 2 of its levels.

You collected 71 gold pieces.

Inventory:

Hand Weapons
 a - a +1 dagger of venom (weapon)
 j - a cursed +0 short sword
Missiles
 b - 36 stones (quivered)
Armour
 h - a +0 leather armour (worn)
Scrolls
 c - a scroll of identify {unknown}
 f - 2 scrolls of fear {unknown}
 i - a scroll of teleportation {unknown}
Books
 e - a book of Geomancy

   Spells                             Type                      Level
   a - Sandblast                      Earth                        1
   b - Passwall                       Transmutation/Earth          2
   c - Stone Arrow                    Conjuration/Earth            3
   d - Petrify                        Transmutation/Earth          4
   e - Lee's Rapid Deconstruction     Earth                        5
Comestibles
 d - 2 rations
 g - 3 chunks of flesh


   Skills:
 * Level 1.7 Dodging
 + Level 2.4 Stealth
 * Level 2.2 Spellcasting
 + Level 0.7 Transmutations
 * Level 4.9 Earth Magic


You had 3 spell levels left.
You knew the following spells:

 Your Spells              Type           Power        Failure   Level  Hunger
a - Sandblast             Erth           ###...       3%          1    #......
b - Passwall              Tmut/Erth      ##........   13%         2    ###....


Dungeon Overview and Level Annotations

Branches:
Dungeon (2/15)

Altars:


Innate Abilities, Weirdness & Mutations

You are resistant to torment.
Your stone body is resilient. (AC +3)
You are immune to poison.
You resist negative energy. (rN+)
You are resistant to electric shocks. (rElec)
You can survive without breathing.
You are immune to petrification.
You are immune to rotting.


Message History

Aim: a gnoll, wielding a halberd The blast of sand hits the gnoll.
The gnoll is almost dead.
b - 36 stones The gnoll closely misses you.
The gnoll hits you from afar with a spear!
The gnoll closely misses you.
You barely miss the gnoll.
The gnoll is almost dead.
The gnoll closely misses you. The gnoll hits you with a halberd!
* * * LOW HITPOINT WARNING * * *
You completely miss the gnoll.
The gnoll is almost dead.
The gnoll hits you from afar with a spear.
* * * LOW HITPOINT WARNING * * *
The gnoll closely misses you.
You completely miss the gnoll.
The gnoll is almost dead.
The gnoll hits you from afar with a spear.
You die...

#.............#
#.............#
#......#########
#......# ....
#......####....
######.........
#..###.#.#
#..###.#.#
+...@gg..#
#.####b#.# #.#
.# #.# b# #. ..
## .# .# .#


You could see 2 gnolls and a bat.

Vanquished Creatures
  2 gnolls (D:2)
  2 dart slugs
  3 giant cockroaches
  3 goblins
  A bat (D:1)
  A frilled lizard (D:1)
  2 kobolds (D:1)
  7 rats
21 creatures vanquished.

Notes
Turn   | Place    | Note
-------+----------+-------------------------------------------
     0 | D:1      | Dharzhak the Gargoyle Earth Elementalist began the quest for the Orb.
     0 | D:1      | Reached XP level 1. HP: 10/10 MP: 3/3
   474 | D:1      | Reached skill level 4 in Earth Magic
   474 | D:1      | Reached XP level 2. HP: 10/15 MP: 3/5
   478 | D:1      | Learned a level 2 spell: Passwall
  1228 | D:2      | Reached XP level 3. HP: 19/19 MP: 3/6
  1241 | D:2      | Slain by a gnoll

Skill      XL: |  1 |
---------------+----+-----
Earth Magic    | 4 |  4.9
Dodging        | |  1.7
Stealth        | |  2.4
Spellcasting   | |  2.2
Transmutations | |  0.7

Action                   || total
-------------------------++-------
Melee: Dagger            ||    35
 Cast: Sandblast         ||    12
 Stab: Sleeping          ||     3
  Eat: Chunk             ||     1
Armor: Robe              ||     3
       Leather armour    ||     7
Dodge: Dodged            ||    16
